 Dungeon Crawl Stone Soup version 0.32-a0-818-gb728d0252e (webtiles) character file.

Game seed: 15342180950658268358

108 osuadh the Slasher (level 4, 0/33 HPs)
             Began as a Coglin Warper on Mar 23, 2024.
             Was a Follower of Cheibriados.
             Slain by an orc
             ... wielding a +0 flail
              (5 damage)
             ... on level 3 of the Dungeon.
             The game lasted 00:03:43 (1417 turns).

osuadh the Slasher (Coglin Warper)                  Turns: 1417, Time: 00:03:44

Health: 0/33       AC:  4    Str: 13    XL:     4   Next: 87%
Magic:  6/6        EV: 10    Int: 17    God:    Cheibriados [*.....]
Gold:   84         SH:  0    Dex: 15    Spells: 4/6 levels left

rFire   . . .        a - +0 falchion {Synnove}
rCold   . . .        e - +0 dagger {Clarinda}
rNeg    . . .        b - +0 leather armour
rPois   .            (no helmet)
rElec   .            (no cloak)
rCorr   .            (no gloves)
SInv    .            o - +0 pair of boots
Will    .....        (amulet unavailable)
Stlth   +            (ring unavailable)
HPRegen 0.25/turn    (ring unavailable)
MPRegen 0.10/turn    (no gizmo)

%: no passive effects
@: revved, very slow
A: off-hand wielding, slow wielding, warmup strikes, no jewellery
a: Invent Gizmo, Renounce Religion, Bend Time


You were on level 3 of the Dungeon.
You worshipped Cheibriados.
Cheibriados was aware of your devotion.
You visited 1 branch of the dungeon, and saw 3 of its levels.

You collected 84 gold pieces.

Inventory:

Hand Weapons
 a - a +0 falchion (weapon) {Synnove}
 e - a +0 dagger (offhand) {Clarinda}
Missiles
 d - 7 darts of dispersal (quivered)
 i - 5 poisoned darts
Armour
 b - a +0 leather armour (worn)
 o - a +0 pair of boots (worn)
Scrolls
 c - a scroll of blinking
 g - a scroll of torment {unknown}
 h - a scroll of enchant weapon {unknown}
 l - a scroll of poison {unknown}
 m - a scroll of teleportation {unknown}
 p - a scroll of vulnerability {unknown}
 q - a scroll of amnesia {unknown}
 r - 2 scrolls of revelation
Potions
 f - a potion of mutation
 n - a potion of curing


   Skills:
 - Level 2.0 Fighting
 + Level 4.9 Long Blades
 - Level 0.8 Throwing
 - Level 0.8 Armour
 - Level 1.7 Dodging
 - Level 1.7 Spellcasting
 - Level 3.0 Translocations


You had 4 spell levels left.
You knew the following spells:

 Your Spells              Type           Power      Damage    Failure   Level
a - Blink                 Tloc           22%        N/A       11%         2

Your spell library contained the following spells:

 Spells                   Type           Power      Damage    Failure   Level
 Lesser Beckoning         Tloc           22%        N/A       11%         2
 Teleport Other           Tloc           11%        N/A       22%         3
 Ensorcelled Hibernation  Hex/Ice        2%         N/A       36%         2
 Passwall                 Erth           1%         N/A       58%         3
 Swiftness                Air            1%         N/A       58%         3
 Manifold Assault         Tloc           11%        N/A       58%         4
 Vhi's Electric Charge    Tloc/Air       12%        N/A       80%         4


Dungeon Overview and Level Annotations

Branches:
Dungeon (3/15)

Altars:
Cheibriados

Shops:
D:1 =


Innate Abilities, Weirdness & Mutations

You can wield a second weapon in your off-hand.
It takes a long time for you to wield or remove held weapons.
Your first few attacks do less damage.
You cannot equip rings or amulets.


Message History

The orc is heavily wounded.
You hit the orc with your +0 dagger. The orc hits you with a +0 short sword.
You hit the orc with your +0 dagger.
You kill the orc!
Cheibriados appreciates the change of pace.
You closely miss the orc with your +0 falchion.
You hit the orc but do no damage. The orc hits you with a +0 hand axe.
Okay, then.
You are too injured to fight recklessly!
You are too injured to fight recklessly!
You are too injured to fight recklessly!
You hit the orc but do no damage. x2; The orc barely misses you.
You barely miss the orc with your +0 falchion.
You hit the orc but do no damage. The orc barely misses you.
You closely miss the orc with your +0 dagger.
You hit the orc with your +0 falchion. The orc closely misses you.
You hit the orc with your +0 falchion.
You kill the orc!
Cheibriados appreciates the change of pace.
You barely miss the orc with your +0 falchion.
You barely miss the orc with your +0 dagger.
The orc hits you with a +0 flail!
* * * LOW HITPOINT WARNING * * *
You hit the orc but do no damage.
You closely miss the orc with your +0 falchion.
The orc hits you with a +0 flail.
* * * LOW HITPOINT WARNING * * *
You barely miss the orc with your +0 dagger.
You barely miss the orc with your +0 falchion.
The orc hits you with a +0 flail.
* * * LOW HITPOINT WARNING * * *
You feel better. The orc hits you but does no damage.
You barely miss the orc with your +0 falchion.
You hit the orc but do no damage. The orc hits you with a +0 flail.
* * * LOW HITPOINT WARNING * * *
You barely miss the orc with your +0 falchion.
You closely miss the orc with your +0 dagger.
The orc hits you with a +0 flail.
You die...
Cheibriados appreciates the motionlessness of death.

*#.###.##.##...#.##*,*
*#.# #.#.........# *,*
*#.#*#.#..##...#####.###
,...,.....##.......<.###
*#.#*#.........#########
#.# ###.........#######
*#.#***######..#.#######
,,,,,,,,,......#.#######
,********####.##@#######
,* ####.##o####### ,*
####...go.##### ,*
####..###.#####* ,*
####..###......*********
,*
#####.###.##...,,*,,,,,,
**
#####.....##.##*,*,*****
* #######.###o.##*,,,* *
*** #######.###..##*,***
*


You could see 2 orcs and a goblin.

Vanquished Creatures
  An orc priest (D:3)
  2 adders
  3 orcs (D:3)
  3 endoplasms
  A giant cockroach (D:1)
  6 goblins
  9 hobgoblins
  11 jackals
  A quokka (D:1)
  3 ball pythons
  2 bats
  2 frilled lizards (D:1)
  4 kobolds
  4 rats
52 creatures vanquished.

Notes
Turn   | Place    | Note
-------+----------+-------------------------------------------
     0 | D:1      | osuadh the Coglin Warper began the quest for the Orb.
     0 | D:1      | Reached XP level 1. HP: 16/16 MP: 3/3
   131 | D:1      | Reached XP level 2. HP: 22/22 MP: 4/4
   218 | D:1      | Reached skill level 3 in Long Blades
   403 | D:1      | Found Jagomashei's Jewellery Shoppe.
   724 | D:2      | Reached XP level 3. HP: 26/27 MP: 5/5
   752 | D:2      | Learned a level 2 spell: Blink
   906 | D:2      | Found a snail-covered altar of Cheibriados.
   925 | D:2      | Reached skill level 4 in Long Blades
   967 | D:2      | Became a worshipper of Cheibriados the Contemplative
  1168 | D:2      | Reached XP level 4. HP: 32/33 MP: 6/6
  1401 | D:3      | Reached * piety under Cheibriados
  1417 | D:3      | Slain by an orc

Illustrated notes

Levels and vault maps discovered:
D:1:      kennysheep_arrival_forest, layout_rooms, serial_shops,
          nicolae_shop_tiny_statue_garden, minmay_pentomino_s4
D:2:      layout_loops_ring, basic_altar
D:3:      layout_loops_ring, cheibrodos_sewer_entry_bend, nrook_mini_vaults,
          st_stairs_1

Skill      XL: |  1  2  3 |
---------------+----------+-----
Long Blades    | 3 4 |  4.9
Fighting       | |  2.0
Throwing       | |  0.8
Armour         | |  0.8
Dodging        | |  1.7
Spellcasting   | |  1.7
Translocations | |  3.0

Action                     |  1- 3 |  4- 6 || total
---------------------------+-------+-------++-------
  Melee: Falchion          |   117 |    38 ||   155
         Dagger            |   106 |    37 ||   143
    Use: Scroll            |       |     4 ||     4
         Potion            |       |     1 ||     1
   Stab: Sleeping          |     1 |       ||     1
 Armour: Leather armour    |    74 |    26 ||   100
  Dodge: Dodged            |    71 |    19 ||    90

Table legend: (Time is in decaauts)
 A = Elapsed time spent in this place.
 B = Non-inter-level travel time spent in this place.
 C = Inter-level travel time spent in this place.
 D = Time resting spent in this place.
 E = Time spent auto-exploring this place.
 F = Levels seen in this place.
 G = Mean time per level.
                   A        B        C        D        E       F      G
               +--------+--------+--------+--------+--------+-----+--------+
         Total |   1526 |   1487 |     39 |     84 |   1001 |   3 |  508.7 |
       Dungeon |   1526 |   1487 |     39 |     84 |   1001 |   3 |  508.7 |
               +--------+--------+--------+--------+--------+-----+--------+

Top non-repeatable levels by time:
     D:2: 807 daAuts
     D:1: 636 daAuts
     D:3: 82 daAuts
